AoeStats
← RENO

Arabia

505126004Analyzed
2v2 RM · 26d ago on Sep 7, 2026· 38m 21s· 4 players
Game mode
Random Map
Map size
Medium (4 player)
Population
200
Speed
Normal
Resources
Standard
Victory
Conquest
Starting age
Dark Age
Ending age
Imperial Age
RankedLock teamsTeams togetherTeam positionsShared explorationLock speedFull tech treeHidden civsTurbo modeCheats
Victory
Defeat
🇨🇴 Britons · Colombia
858
+17
🇨🇴 Magyars · Colombia
829
+18
🇦🇷 Magyars · Argentina
892
-18
🇨🇳 Franks · China
857
-17
RENO
7:45 Loom
9:53 Feudal Age
10:25 Double-Bit Axe
11:50 Town Watch
14:20 Gold Mining
15:30 Fletching
22:02 Castle Age
22:38 Bodkin Arrow
22:08 Crossbowman
26:03 Ballistics
26:33 Padded Archer Armor
26:43 Forging
30:02 Town Patrol
32:43 Bow Saw
Miliuns
10:18 Feudal Age
12:25 Double-Bit Axe
16:25 Wheelbarrow
23:27 Gold Mining
25:53 Castle Age
30:11 Pikeman
33:43 Bloodlines
35:30 Scale Mail Armor
35:37 Scale Barding Armor
36:09 Bow Saw
36:53 Light Cavalry
38:02 Stone Mining
Mauro Aurelio
4:36 Loom
11:42 Feudal Age
13:07 Double-Bit Axe
13:04 Horse Collar
17:26 Fletching
18:21 Padded Archer Armor
21:36 Town Watch
26:43 Castle Age
29:17 Elite Skirmisher
30:02 Thumb Ring
mazey_andzhela
0:27 Loom
14:01 Feudal Age
20:29 Forging
23:28 Scale Barding Armor
28:20 Castle Age
29:28 Double-Bit Axe
Connection lost

Rejoining the realm…

Still unreachable

The connection could not be restored.

Session expired

The server has moved on; the page needs a fresh start.